 Dungeon Crawl Stone Soup version 0.18.1-8-gdd0e5ea (webtiles) character file.

101 tyvek the Poker (level 4, -6/35 HPs)
             Began as a Merfolk Skald on May 21, 2016.
             Mangled by an ogre
             ... wielding a +0 giant club
              (27 damage)
             ... on level 3 of the Dungeon on May 22, 2016.
             The game lasted 00:05:56 (2335 turns).

tyvek the Poker (Merfolk Skald)                     Turns: 2335, Time: 00:05:57

Health: -6/35      AC:  3    Str: 12    XL:     4   Next: 75%
Magic:  0/8        EV: 12    Int: 12    God:
Gold:   85         SH:  0    Dex: 13    Spells: 4 memorised, 0 levels left

rFire  x . .     SeeInvis .     a - +0 spear
rCold  + . .     Gourm    .     b - +0 leather armour
rNeg   . . .     Faith    .     (no shield)
rPois  .         Spirit   .     (no helmet)
rElec  .         Dismiss  .     (no cloak)
rCorr  .         Reflect  .     (no gloves)
SustAt .         Harm     .     (no boots)
MR     .....                    (no amulet)
Stlth  +.........               (no ring)
                                i - ring of ice {rC+, rF-}

@: singing (expiring), not resistant to hostile enchantments, very unstealthy
A: change form in water, swift swim
a: Stop Singing


You were on level 3 of the Dungeon.
You were not hungry.

You visited 1 branch of the dungeon, and saw 3 of its levels.

You collected 85 gold pieces.

Inventory:

Hand Weapons
 a - a +0 spear (weapon)
Armour
 b - a +0 leather armour (worn)
Jewellery
 i - a ring of ice (left hand) {rC+, rF-}
   (You found it on level 1 of the Dungeon)
Scrolls
 e - 4 scrolls of remove curse
 n - a scroll of fear {unknown}
Potions
 g - a potion of lignification {unknown}
 h - a potion of beneficial mutation {unknown}
 j - 3 potions of magic {unknown}
 k - a potion of mutation {unknown}
 m - a potion of brilliance {unknown}
Books
 c - a book of Battle
Comestibles
 d - 3 bread rations {@e1}
 f - a chunk of flesh {@w0}
 l - a royal jelly


   Skills:
 + Level 3.0 Fighting
 + Level 4.0 Polearms
 - Level 0.6 Armour
 + Level 3.0 Dodging
 + Level 2.7 Spellcasting
 + Level 3.7 Charms


You couldn't memorise any spells.
You knew the following spells:

 Your Spells              Type           Power        Failure   Level  Hunger
a - Infusion              Chrm           ##..         10%         1    #......
r - Regeneration          Chrm/Necr      #.........   45%         3    ###....
s - Shroud of Golubria    Chrm/Tloc      #.........   24%         2    ###....
S - Song of Slaying       Chrm           ##......     14%         2    ###....


Dungeon Overview and Level Annotations

Branches:
Dungeon (3/15)

Altars:
Dithmenos
Ru


Message History

You barely miss the crimson imp. The giant cockroach closely misses you.
The crimson imp barely misses you. The rat barely misses you.
The rat bites you.
You take 1 damage, and have 26/35 hp.
You miss the crimson imp.
The giant cockroach bites you but does no damage.
The crimson imp closely misses you. The rat barely misses you.
The rat bites you.
Some of the chunks of flesh in your inventory have rotted away.
You take 3 damage, and have 23/35 hp.
You hit the crimson imp. The giant cockroach bites you.
The crimson imp hits you but does no damage.
The rat completely misses you. The rat barely misses you.
You take 1 damage, and have 22/35 hp.
The giant cockroach barely misses you.
The crimson imp shouts, "Slither hence, thou fobbing toenail-biting maggot-pie!"
The crimson imp blinks!
The giant cockroach misses you.
The giant cockroach completely misses you.
You hit the giant cockroach but do no damage.
The giant cockroach bites you but does no damage.
You hit the giant cockroach.
The crimson imp blinks!
The giant cockroach closely misses you.
You begin infusing your attacks with magical energy.
The giant cockroach bites you.
You take 1 damage, and have 22/35 hp.
You now have 7/8 mp.
Okay, then.
Unknown command.
You miscast Song of Slaying.
You are very lightly contaminated with residual magic.
Your skin glows momentarily.
The giant cockroach closely misses you.
You now have 5/8 mp.
You start singing a song of slaying.
The giant cockroach misses you.
The giant cockroach bites you but does no damage.
You now have 3/8 mp.
You hit the giant cockroach.
You kill the giant cockroach!
You now have 2/8 mp.
You miss the crimson imp. The crimson imp closely misses you.
You closely miss the crimson imp. The crimson imp hits you.
You take 1 damage, and have 21/35 hp.
You hit the crimson imp! The crimson imp barely misses you.
You now have 1/8 mp.
You barely miss the crimson imp. The crimson imp barely misses you.
You closely miss the crimson imp.
The crimson imp blinks!
The rat bites you but does no damage. The rat closely misses you.
The crimson imp blinks!
You see here a giant cockroach corpse.
You hit the rat.
You kill the rat!
The rat bites you.
You take 1 damage, and have 20/35 hp.
You now have 1/8 mp.
The rat barely misses you.
You hit the rat.
You kill the rat!
You now have 0/8 mp.
You see here a rat corpse.
You butcher the rat corpse.
Your magical infusion is running out.
f - 5 chunks of flesh {@w0} (gained 1)
An orc wizard comes into view. It is wielding a dagger.
The orc wizard shouts!
The orc wizard moves out of view.
You see here a giant cockroach corpse.
You butcher the giant cockroach corpse.
Some of the chunks of flesh in your inventory have rotted away.
You see here 2 chunks of flesh {@w0}.
The orc wizard mumbles some strange words.
The orc wizard flickers and vanishes!
Deactivating autopickup; reactivate with Ctrl-A.
Attack whom?
Aim: a crimson imp You reach to attack!
You puncture the crimson imp!
You are no longer magically infusing your attacks.
Your song is almost over.
You now have 0/8 mp.
Attack whom?
Aim: a crimson imp (severely wounded)
You completely miss the crimson imp. The crimson imp misses you.
Attack whom?
Aim: a crimson imp (heavily wounded)
You barely miss the crimson imp.
You hear a shout! x2
The crimson imp blinks!
An orc comes into view. It is wielding a dagger of speed.
Attack whom?
Aim: a crimson imp (heavily wounded)
You reach to attack!
You miss the crimson imp.
An ogre comes into view. It is wielding a giant club.
Attack whom?
Aim: a crimson imp (moderately wounded)
You miss the crimson imp.
The crimson imp hits you but does no damage.
Something hits you but does no damage.
Your magical contamination has completely faded away.
You closely miss the crimson imp.
The crimson imp hits you but does no damage.
The ogre hits you with a giant club!!
Ouch! That really hurt!
You die...

##....# #.....# #.....#
*####***###* #.....#
#######....,,,..,* ##.....#
†.......######.#**###..#.########
##.............* ##...##rr§......
.#....####*#..####..#####........
.#....### #..#O@5.## #........
.###....## #...{#### #.....5?. .#
####..###...## #.......? .###
##......## #........
...######.....# #........
##.....##..o..# #........
#####<.......##* *#........
#.#.#......********,,,,*****
#.#......#..,,,,,,,,,***


You could see an ogre, a crimson imp and an orc.

Vanquished Creatures
  3 adders (D:2)
  An ooze (D:1)
  2 worms
  A dart slug (D:1)
  2 giant geckos
  An orc (D:3)
  2 giant cockroaches (D:3)
  5 goblins
  6 hobgoblins
  8 jackals (D:3)
  A quokka (D:3)
  4 bats
  2 giant newts (D:2)
  11 kobolds
  7 rats
56 creatures vanquished.

Notes
Turn   | Place    | Note
--------------------------------------------------------------
     0 | D:1      | tyvek the Merfolk Skald began the quest for the Orb.
     0 | D:1      | Reached XP level 1. HP: 16/16 MP: 3/3
   195 | D:1      | Reached skill level 2 in Dodging
   195 | D:1      | Reached XP level 2. HP: 22/22 MP: 5/5
   203 | D:1      | Learned a level 2 spell: Song of Slaying
   206 | D:1      | Learned a level 2 spell: Shroud of Golubria
   512 | D:1      | Reached XP level 3. HP: 21/28 MP: 6/6
   911 | D:2      | Found a shadowy altar of Dithmenos.
  1203 | D:2      | Reached XP level 4. HP: 21/34 MP: 2/7
  1470 | D:2      | Learned a level 3 spell: Regeneration
  1607 | D:2      | Found a sacrificial altar of Ru.
  1989 | D:3      | Reached skill level 3 in Fighting
  2055 | D:3      | Reached skill level 3 in Dodging
  2257 | D:3      | Reached skill level 4 in Polearms
  2334 | D:3      | Noticed an ogre
  2335 | D:3      | Mangled by an ogre

Skill      XL: |  1  2  3  4 |
---------------+-------------+-----
Dodging        | 2 3 |  3.0
Fighting       | 3 |  3.0
Polearms       | 4 |  4.0
Armour         | |  0.6
Spellcasting   | |  2.7
Charms         | |  3.7

Action                   |  1- 3 |  4- 6 || total
-------------------------+-------+-------++-------
Melee: Spear             |   111 |   133 ||   244
 Cast: Infusion          |     4 |     2 ||     6
       Song of Slaying   |       |     1 ||     1
  Use: Scroll            |     1 |     3 ||     4
 Stab: Sleeping          |       |     1 ||     1
  Eat: Chunk             |       |     5 ||     5
Armor: Leather armour    |    14 |    38 ||    52
Dodge: Dodged            |    59 |    85 ||   144

Vault maps used:
D:1:      moated_graveyard_arrival
D:2:      lemuel_round_altar, nicolae_overflow_crystal_walls, first_bread

Table legend:
 A = Turns spent in this place as a percentage of turns spent in the entire game.
 B = Non-inter-level travel turns spent in this place as a percentage of non-inter-level travel turns spent in the entire game.
 C = Inter-level travel turns spent in this place as a percentage of turns spent in this place.
 D = Turns resting spent in this place as a percentage of non-inter-level travel turns spent in this place.
 E = Turns spent auto-exploring this place as a percentage of non-inter-level travel turns spent in this place.
 F = Non-inter-level travel turns spent in this place divided by the number of levels of this place that you've seen.
                   A       B       C       D       E      F
               +-------+-------+-------+-------+-------+----------------------
         Total | 100.0 | 100.0 |   0.6 |   5.3 |  11.5 | 218.3
       Dungeon | 100.0 | 100.0 |   0.6 |   5.3 |  11.5 | 218.3
               +-------+-------+-------+-------+-------+----------------------

Table legend:
 A = Kills in this place as a percentage of kills in entire the game.
 B = Kills by you in this place as a percentage of kills by you in the entire game.
 C = Kills by friends in this place as a percentage of kills by friends in the entire game.
 D = Other kills in this place as a percentage of other kills in the entire game.
 E = Experience gained in this place as a percentage of experience gained in the entire game.
 F = Experience gained in this place divided by the number of levels of this place that you have seen.
                   A       B       C       D       E      F
               +-------+-------+-------+-------+-------+----------------------
         Total | 100.0 | 100.0 |  -nan |  -nan | 100.0 |  48.3
       Dungeon | 100.0 | 100.0 |  -nan |  -nan | 100.0 |  48.3
               +-------+-------+-------+-------+-------+----------------------
